 Dungeon Crawl Stone Soup version 0.28.0 (webtiles) character file.

Game seed: 9484584646459120193

8681 HallandMoats the Myrmidon (level 11, -2/87 HPs)
             Began as a Demonspawn Fighter on Feb 8, 2022.
             Was an Elder of Okawaru.
             Shot with a sling bullet by Joseph (8 damage)
             ... on level 9 of the Dungeon.
             The game lasted 00:17:22 (14111 turns).

HallandMoats the Myrmidon (Demonspawn Fighter)     Turns: 14111, Time: 00:17:23

Health: -2/87      AC: 10    Str: 21    XL:     11   Next: 13%
Magic:  0/18       EV: 13    Int: 20    God:    Okawaru [****..]
Gold:   201        SH:  5    Dex: 11    Spells: 10/10 levels left

rFire   + . .      SeeInvis .   b - +3 hand axe
rCold   + . .      Faith    .   y - +0 buckler of Ybluogi {Rampage rC+ Int+10 Dex-3}
rNeg    + . .      Spirit   +   C - +1 steam dragon scales
rPois   .          Reflect  .   (helmet restricted)
rElec   .          Harm     .   e - scarf {repulsion}
rCorr   .          Rampage  +   (no gloves)
Will    .....                   (no boots)
Stlth   +.........              r - amulet of guardian spirit
HPRegen 0.24/turn               f - ring of positive energy
MPRegen 0.16/turn               q - ring of protection from fire

@: hasted, repel missiles, very quick
A: horns 2, molten scales 2, powered by pain 2, beak, strong 1, noise
suppression
a: Renounce Religion, Heroism, Finesse


You were on level 9 of the Dungeon.
You worshipped Okawaru.
Okawaru was greatly pleased with you.
You visited 2 branches of the dungeon, and saw 10 of its levels.
You also visited: Sewer.

You collected 543 gold pieces.
You spent 342 gold pieces at shops.

Inventory:

Hand Weapons
 a - a +1 hand axe of flaming
 b - a +3 hand axe (weapon)
Missiles
 D - 2 throwing nets (quivered)
Armour
 e - a scarf of repulsion (worn)
 u - a +2 cloak
 y - the +0 buckler of Ybluogi (worn) {Rampage rC+ Int+10 Dex-3}
   (You bought it in a shop on level 8 of the Dungeon)

   Int:       It affects your intelligence (+10).
   Dex:       It affects your dexterity (-3).
   rC:        It protects you from cold.
   Rampage:   It bestows one free step when moving towards enemies.
 C - +1 steam dragon scales (worn)
Jewellery
 c - a ring of wizardry
 f - a ring of positive energy (left hand)
 q - a ring of protection from fire (right hand)
 r - an amulet of guardian spirit (around neck)
 F - an amulet of faith
Wands
 l - a wand of iceblast (9)
 m - a wand of flame (37)
Scrolls
 g - 2 scrolls of immolation
 h - a scroll of enchant armour
 k - 2 scrolls of enchant weapon
 s - 2 scrolls of magic mapping
 t - 2 scrolls of teleportation
 v - 2 scrolls of brand weapon
 w - 3 scrolls of amnesia
Potions
 d - 2 potions of might
 i - a potion of haste
 j - a potion of lignification {unknown}
 n - a potion of flight {unknown}
 o - a potion of cancellation {unknown}
 p - 3 potions of brilliance {unknown}
 x - 2 potions of mutation
 z - a potion of magic
 A - 3 potions of curing {unknown}
 B - a potion of attraction


   Skills:
 * Level 8.9 Fighting
 * Level 7.8 Axes
 + Level 5.8 Armour
 + Level 5.1 Dodging
 + Level 5.9 Shields
 * Level 10.6 Invocations


You had 10 spell levels left.
You didn't know any spells.
Your spell library contained the following spells:

 Spells                   Type           Power      Damage    Failure   Level
 Foxfire                  Conj/Fire      0%         2x1d4     24%         1
 Conjure Flame            Conj/Fire      0%         6-21      58%         3
 Ignite Poison            Fire/Tmut/Pois 0%         N/A       58%         3
 Inner Flame              Hex/Fire       0%         N/A       58%         3
 Portal Projectile        Hex/Tloc       0%         N/A       58%         3
 Flame Wave               Conj/Fire      0%         2d4       94%         4
 Leda's Liquefaction      Hex/Erth       0%         N/A       94%         4
 Petrify                  Tmut/Erth      0%         N/A       94%         4
 Sticky Flame             Conj/Fire      0%         2d3       94%         4
 Borgnjor's Vile Clutch   Necr/Erth      0%         N/A       100%        5
 Metabolic Englaciation   Hex/Ice        0%         N/A       100%        5
 Statue Form              Tmut/Erth      0%         N/A       100%        6
 Call Canine Familiar     Summ           Unusable   N/A       N/A         3
 Animate Dead             Necr           Unusable   N/A       N/A         4
 Death Channel            Necr           Unusable   N/A       N/A         6

Dungeon Overview and Level Annotations

Branches:
Dungeon (9/15)             Temple (1/1) D:4           Sewer (visited)
   Lair: D:8-11         Orc: D:9-12

Altars:
Cheibriados
Dithmenos
Elyvilon
Fedhas
Gozag
Hepliaklqana
Kikubaaqudgha
Makhleb
Nemelex Xobeh
Okawaru
Qazlal
Ru
Sif Muna
Trog
Uskayaw
Vehumet
Wu Jian
Xom
Yredelemnul
Zin
The Shining One

Shops:
D:4 [   D:8 [

Annotations:
D:9 Joseph


Innate Abilities, Weirdness & Mutations

You have a pair of horns on your head.
You are mostly covered in molten scales. (AC +3)
You sometimes gain power by taking damage.
You have a beak for a mouth.
Your muscles are strong. (Str +2)
You passively dampen the noise of your surroundings.


Message History

The kobold brigand is almost dead.
You hit Joseph but do no damage.
Joseph hits you with a +2 quarterstaff of speed!
The kobold brigand misses you.
Joseph drinks a potion.
Joseph seems to grow stronger.
Unknown command.
You barely miss the kobold brigand. Your peck misses the kobold brigand.
The kobold brigand is almost dead.
You hit Joseph. The kobold brigand closely misses you.
Joseph hits you with a +2 quarterstaff of speed!
Unknown command.
You hit the kobold brigand.
You kill the kobold brigand!
Okawaru accepts your kill.
You barely miss Joseph.
Joseph hits you with a +2 quarterstaff of speed!!
You focus on the pain.
You feel your power returning.
Unknown command.
You are too injured to fight recklessly!
Unknown command.
You are too injured to fight recklessly!
Unknown command.
You are too injured to fight recklessly!
Unknown command.
You are too injured to fight recklessly!
You hit Joseph.
Joseph is moderately wounded.
Joseph barely misses you.
You hit Joseph. You headbutt Joseph!
Joseph is heavily wounded.
Joseph hits you with a +2 quarterstaff of speed!!
* * * LOW HITPOINT WARNING * * *
Joseph hits you with a +2 quarterstaff of speed!
* * * LOW HITPOINT WARNING * * *
Unknown command.
You feel yourself speed up. You block Joseph's attack.
Joseph unwields a +2 quarterstaff of speed.
Joseph wields a +0 hunting sling.
Joseph shoots a sling bullet.
The sling bullet hits you!
You die...

#......#...#,............# #....
#.).#.###.###.#..........# #...#
.)..#..#(..#..#..........# #...#
#...#.###.###,#..........####...#
.)).#......#,,*,,................
#########.#####*###.#########.###
..###|.##.##.:###.......###.....#
.#..#..#.#.#..#...@...#.##.......
##.####.#.#.###.@.).###.#...#.#..
.#####.#.#.#.##.###.#.#.#..##.##.
##....#.#.#.#..##.#,#.#......#..)
##.###.#.#.#.##...###)#.#..##.##)
..#####.#.#)###.....#.#.#...#.#..
.#.##..#.#.#..#.......#.##.......
##..#[.##.##.}###.......###.....#
#########.#########.#########.###
..............#.#.#.#.#.#........


You could see Joseph (strong).

Vanquished Creatures
  A hydra (D:9)
  Harold (D:8)
  A centaur warrior (D:9)
  Erica (D:8)
  A deep elf pyromancer (D:9)
  An efreet (D:9)
  A meliai (D:9)
  Grum (D:8)
  2 wyverns (D:9)
  A wraith (D:9)
  3 steam dragons
  A vampire mosquito (D:8)
  A water moccasin (D:9)
  5 orc warriors
  2 sky beasts (D:6)
  A black bear (D:8)
  3 necrophages
  A boggart (D:9)
  6 centaurs
  An ogre (D:5)
  2 wolves (D:8)
  6 kobold brigands
  2 phantoms (D:6)
  A wyvern zombie (D:8)
  A bullfrog (D:7)
  A wyvern skeleton (D:6)
  11 wights
  A howler monkey (D:3)
  Crazy Yiuf (D:4)
  4 hounds
  3 jellies
  2 centaur skeletons
  11 orc priests
  An iguana (D:7)
  13 orc wizards
  2 howler monkey zombies (D:9)
  4 gnolls
  5 adders
  3 river rats (D:6)
  An ufetubus (D:4)
  2 worms (D:6)
  A dart slug (D:1)
  26 orcs
  9 bats
  6 endoplasms
  2 giant cockroaches (Sewer)
  9 goblins
  4 hobgoblins
  7 jackals
  2 quokkas
  7 ball pythons
  3 frilled lizards
  32 kobolds
  7 rats
227 creatures vanquished.

Vanquished Creatures (others)
  A howler monkey (D:9)
  An orc wizard (D:9)
  2 fungi (Sewer)
  9 plants
13 creatures vanquished.

Grand Total: 240 creatures vanquished

Notes
Turn   | Place    | Note
-------+----------+-------------------------------------------
     0 | D:1      | HallandMoats the Demonspawn Fighter began the quest for the
                  | Orb.
     0 | D:1      | Reached XP level 1. HP: 18/18 MP: 1/1
   105 | D:1      | Reached skill level 1 in Invocations
   105 | D:1      | Gained mutation: You have a pair of small horns on your
                  | head. [demonic ancestry]
   105 | D:1      | Reached XP level 2. HP: 24/24 MP: 2/2
   921 | D:2      | Noticed an eye of devastation
   927 | D:2      | Noticed a shining eye
   929 | D:2      | Found a faded altar of an unknown god.
   933 | D:2      | Gained mutation: You are partially covered in molten
                  | scales. (AC +2) [demonic ancestry]
   933 | D:2      | Reached XP level 3. HP: 29/29 MP: 4/4
   972 | D:2      | Noticed a shining eye
  1013 | D:2      | Noticed a great orb of eyes
  1529 | D:3      | Reached skill level 2 in Invocations
  1529 | D:3      | Gained mutation: You sometimes gain a little power by
                  | taking damage. [demonic ancestry]
  1529 | D:3      | Reached XP level 4. HP: 28/35 MP: 5/5
  2169 | D:4      | Reached skill level 1 in Dodging
  2169 | D:4      | Reached XP level 5. HP: 39/42 MP: 5/7
  2187 | D:3      | Reached skill level 3 in Invocations
  2735 | D:4      | Found a staircase to the Ecumenical Temple.
  2921 | D:4      | Found Ogil's Antique Armour Shoppe.
  2924 | Temple   | Entered the Ecumenical Temple
  3268 | Temple   | Became a worshipper of Warmaster Okawaru
  3556 | D:4      | Found a runed translucent door.
  3557 | D:4      | Noticed Crazy Yiuf
  3809 | D:4      | Killed Crazy Yiuf
  3810 | D:4      | Gained mutation: You are mostly covered in molten scales.
                  | (AC +3) [demonic ancestry]
  3810 | D:4      | Reached XP level 6. HP: 45/48 MP: 8/8
  3875 | D:5      | Entered Level 5 of the Dungeon
  4116 | D:5      | Found a blossoming altar of Fedhas.
  4263 | D:5      | Reached skill level 4 in Invocations
  4822 | D:5      | Reached * piety under Okawaru
  4823 | D:5      | Gained mutation: You have a pair of horns on your head.
                  | [demonic ancestry]
  4823 | D:5      | Reached XP level 7. HP: 49/55 MP: 8/10
  5137 | D:6      | Reached skill level 5 in Fighting
  5137 | D:6      | Reached skill level 5 in Invocations
  5282 | D:6      | Found a glowing drain.
  5290 | Sewer    | Entered a sewer
  5814 | D:6      | Gained mutation: You sometimes gain power by taking damage.
                  | [demonic ancestry]
  5814 | D:6      | Reached XP level 8. HP: 62/62 MP: 12/12
  6000 | D:6      | Gained mutation: You expend magic power (3 MP) to
                  | strengthen your wands. [potion of mutation]
  6000 | D:6      | Gained mutation: You are weak. (Str -2) [potion of
                  | mutation]
  6019 | D:6      | Reached skill level 6 in Invocations
  6318 | D:6      | Lost mutation: You are weak. (Str -2) [potion of mutation]
  6318 | D:6      | Lost mutation: You expend magic power (3 MP) to strengthen
                  | your wands. [potion of mutation]
  6318 | D:6      | Gained mutation: Your flesh is cold resistant. (rC+)
                  | [potion of mutation]
  6318 | D:6      | Gained mutation: You have large cloven feet. [potion of
                  | mutation]
  6319 | D:6      | Lost mutation: You have large cloven feet. [potion of
                  | mutation]
  6319 | D:6      | Lost mutation: Your flesh is cold resistant. (rC+) [potion
                  | of mutation]
  6319 | D:6      | Gained mutation: You passively dampen the noise of your
                  | surroundings. [potion of mutation]
  6319 | D:6      | Gained mutation: Your muscles are strong. (Str +2) [potion
                  | of mutation]
  6319 | D:6      | Gained mutation: You have a beak for a mouth. [potion of
                  | mutation]
  6424 | D:6      | Reached ** piety under Okawaru
  6490 | D:6      | Reached skill level 5 in Axes
  7268 | D:7      | Reached skill level 7 in Invocations
  7512 | D:7      | Reached XP level 9. HP: 67/70 MP: 14/14
  7638 | D:7      | Reached *** piety under Okawaru
  7795 | D:7      | Found a radiant altar of Vehumet.
  8512 | D:8      | Noticed Grum
  8522 | D:8      | Killed Grum
  8523 | D:8      | Reached skill level 8 in Invocations
  8744 | D:8      | Received a gift from Okawaru
  8746 | D:8      | Reached skill level 5 in Shields
  9600 | D:8      | Found Zaplycsomug's Antique Armour Shop.
  9605 | D:8      | Bought an encrusted buckler for 342 gold pieces
  9605 | D:8      | Identified the +0 buckler of Ybluogi {Rampage rC+ Int+10
                  | Dex-3} (You bought it in a shop on level 8 of the Dungeon)
  9702 | D:8      | Noticed Harold
  9713 | D:8      | Killed Harold
  9714 | D:8      | Reached skill level 5 in Armour
  9714 | D:8      | Reached skill level 9 in Invocations
  9714 | D:8      | Reached XP level 10. HP: 46/80 MP: 3/16
  9999 | D:8      | Noticed Erica
 10015 | D:8      | Killed Erica
 10015 | D:8      | Reached **** piety under Okawaru
 10015 | D:8      | Received a gift from Okawaru
 11204 | D:9      | Noticed a deep elf pyromancer
 11209 | D:9      | Noticed a five-headed hydra
 11209 | D:9      | Noticed a centaur warrior
 11296 | D:9      | Found a flagged portal.
 11514 | D:9      | Killed a centaur warrior
 11837 | D:9      | Reached skill level 10 in Invocations
 12090 | D:9      | Killed a one-headed hydra
 12672 | D:9      | Killed a deep elf pyromancer
 12673 | D:9      | Reached XP level 11. HP: 9/87 MP: 0/18
 12674 | D:9      | Reached skill level 5 in Dodging
 14098 | D:9      | Noticed Joseph
 14111 | D:9      | Shot with a sling bullet by Joseph

Illustrated notes

Levels and vault maps discovered:
D:1:      dpeg_arrival_houses_and_road, layout_rooms, serial_forest,
          infiniplex_forest_lined_3_way, infiniplex_forest_zigzag_2,
          infiniplex_forest_clump_curved, infiniplex_forest_clump_long,
          infiniplex_forest_lined_3, infiniplex_forest_straight_2,
          infiniplex_forest_lined_4_way, infiniplex_forest_clump_double
D:2:      layout_basic, hellmonk_ecumenical_altar_watching_god
D:3:      layout_basic
D:4:      layout_loops_ring, minmay_temple_entry_large_hall, serial_shops, shop,
          hangedman_abyss_or_decor_lesser_grid, minmay_cut_off,
          uniq_crazy_yiuf_cottage
D:5:      layout_basic, fedhas_bush_and_centaur_altar,
          chequers_hall_statues_wall_a
D:6:      layout_cave_pools, general_overflow_altar, lightli_sewer_entry_pipes
D:7:      layout_loops_ring, lemuel_tele_altar
D:8:      layout_basic, serial_shops, kennysheep_little_box, serial_curves,
          eino_curves_03, eino_curves_03, uniq_erica, uniq_harold, uniq_grum
D:9:      minmay_the_grid_net [minmay_the_grid_slots, minmay_the_grid_tiny_cups,
          minmay_the_grid_plusring, minmay_the_grid_all_tris,
          minmay_the_grid_zigzag_pyramid,
          minmay_the_grid_prize_four_corners_diamond_b], layout_long_grid,
          nicolae_overflow_hidden_temple, enter_bailey_7, corner_web_ring,
          uniq_joseph
Temple:   mainiacjoe_temple_coin_purse

Skill      XL: |  1  2  3  4  5  6  7  8  9 10 11 |
---------------+----------------------------------+-----
Invocations    | 1 2 3 4 5 7 9 10 | 10.6
Axes           | 2 3 4 5 6 7 |  7.8
Shields        | 3 4 5 |  5.9
Armour         | 3 4 5 |  5.8
Dodging        | 1 2 3 4 5 |  5.1
Fighting       | 4 5 6 7 8 |  8.9

Action                   |  1- 3 |  4- 6 |  7- 9 | 10-12 || total
-------------------------+-------+-------+-------+-------++-------
Melee: War axe           |    92 |    81 |       |       ||   173
       Headbutt          |     9 |    16 |    70 |    39 ||   134
       Hand axe          |       |    24 |   460 |   224 ||   708
       Peck              |       |       |    50 |    40 ||    90
Invok: Heroism           |       |       |     1 |     1 ||     2
       Finesse           |       |       |       |     1 ||     1
  Use: Scroll            |       |     5 |     4 |     7 ||    16
       Potion            |       |       |    10 |     4 ||    14
 Stab: Invisible         |       |       |     2 |     1 ||     3
       Distracted        |       |       |       |     1 ||     1
Armor: Scale mail        |    56 |    66 |   185 |       ||   307
       Steam dragon scal |       |       |    73 |   101 ||   174
Dodge: Dodged            |    41 |    63 |   218 |   180 ||   502
       Repelled          |       |       |     2 |     1 ||     3
Block: Buckler           |    17 |    36 |   115 |    55 ||   223
